 Dungeon Crawl Stone Soup version 0.32-a0-699-g1ee5eff69a (webtiles) character file.

Game seed: 16651461191674984695

1416 Esekla the Covert (level 8, -6/52 (54) HPs)
             Began as an Octopode Delver on Mar 13, 2024.
             Was an Initiate of Gozag.
             Mangled by a wight
             ... wielding a +2 scimitar of freezing
              (14 damage)
             ... on level 7 of the Dungeon.
             The game lasted 00:30:41 (5837 turns).

Esekla the Covert (Octopode Delver)                 Turns: 5837, Time: 00:30:42

HP:   -6/52 (54)    AC:  1    Str: 11    XL:     8   Next: 71%
MP:   12/12         EV: 13    Int: 14    God:    Gozag
Gold: 258           SH:  0    Dex: 14    Spells: 13/13 levels left

rFire   + . .        a - +0 falchion
rCold   . . .        (no shield)
rNeg    . . .        (helmet restricted)
rPois   .            k - amulet of the acrobat
rElec   .            w - ring of wizardry
rCorr   .            y - ring of protection from fire
SInv    .            (no ring)
Will    .....        (no ring)
Stlth   +++++        (no ring)
HPRegen 0.28/turn    (no ring)
MPRegen 0.13/turn    (no ring)
                     (no ring)

%: acrobat, wizardry (x1)
@: lightly drained
A: almost no armour, amphibious, 8 rings, camouflage 1, gelatinous body 1,
(nimble swimmer 1), tentacles
a: Renounce Religion, Potion Petition, Call Merchant, Bribe Branch


You were on level 7 of the Dungeon.
You worshipped Gozag.
Gozag was aware of your devotion.
You visited 2 branches of the dungeon, and saw 8 of its levels.

You collected 856 gold pieces.
You spent 589 gold pieces at shops.
You paid 9 gold pieces to Gozag.

Inventory:

Hand Weapons
 a - a +0 falchion (weapon)
 r - a +0 spear
 s - a +0 dagger
Missiles
 n - 22 poisoned darts (quivered)
Magical Staves
 H - a staff of death
Jewellery
 k - an amulet of the acrobat (around mantle)
 o - a ring of ice
 w - a ring of wizardry (left tentacle)
 y - a ring of protection from fire (right tentacle)
Wands
 f - a wand of digging (3)
 F - a wand of mindburst (6)
 G - a wand of paralysis (3)
Scrolls
 b - 2 scrolls of fog
 c - 3 scrolls of enchant weapon
 g - 3 scrolls of poison
 j - a scroll of amnesia {unknown}
 p - a scroll of blinking {unknown}
 t - 3 scrolls of revelation
 u - 2 scrolls of immolation {unknown}
 x - 3 scrolls of identify
 z - a scroll of teleportation {unknown}
 A - a scroll of vulnerability {unknown}
 B - a scroll of torment {unknown}
 C - a scroll of silence {unknown}
 D - 2 scrolls of enchant armour
Potions
 d - 2 potions of enlightenment
 e - 2 potions of haste
 h - 3 potions of curing
 i - a potion of attraction
 l - a potion of heal wounds
 m - a potion of berserk rage
 q - a potion of brilliance
 v - 3 potions of ambrosia
 E - a potion of magic


   Skills:
 * Level 4.7 Fighting
 + Level 1.5(3.4) Short Blades
 + Level 4.8(4.9) Long Blades
 * Level 3.7 Dodging
 + Level 9.2 Stealth
 * Level 3.0 Spellcasting
 * Level 2.3 Conjurations
 * Level 2.8 Ice Magic
 * Level 2.9 Air Magic


You had 13 spell levels left.
You didn't know any spells.
Your spell library contained the following spells:

 Spells                   Type           Power      Damage    Failure   Level
 Foxfire                  Conj/Fire      20%        2x1d5     5%          1
 Cigotuvi's Dreadful Rot  Necr/Alch/Air  8%         N/A       9%          2
 Freezing Cloud           Conj/Ice/Air   4%         6-21      58%         5
 Ignite Poison            Fire/Alch      2%         N/A       61%         4
 Plasma Beam              Fire/Air       3%         2x1d13    99%         6
 Starburst                Conj/Fire      2%         6d3       100%        6


Dungeon Overview and Level Annotations

Branches:
Dungeon (7/15)             Temple (1/1) D:4

Altars:
Ashenzari
Cheibriados
Dithmenos
Elyvilon
Fedhas
Gozag
Hepliaklqana
Kikubaaqudgha
Makhleb
Nemelex Xobeh
Okawaru
Qazlal
Ru
Sif Muna
Trog
Uskayaw
Vehumet
Wu Jian
Xom
Yredelemnul
Zin
The Shining One

Shops:
D:2 !   D:4 *   D:5 ***!

Portals:
Bailey: D:7

Annotations:
D:5 2 transporters, ragingrage's ghost, novice DgWn
Temple 2 transporters


Innate Abilities, Weirdness & Mutations

You cannot wear most types of armour.
You are amphibious.
You can wear up to eight rings at the same time.
Your skin changes colour to match your surroundings (Stealth+).
Your rubbery body absorbs attacks. (AC +1, EV +1)
((You are camouflaged when in or above water. (Stealth+)))
You have tentacles for arms and can constrict up to eight enemies at once.


Message History

Press: ? - help, Shift-Dir - straight line, f - wight
Aim: a wight, wielding a +2 scimitar of freezing and wearing a +0 robe (chance to affect: 64%)
The wight struggles to resist.
A wight comes into view. It is wielding a +0 halberd.
A wight comes into view. It is wielding a +0 spear.
There is an open door here.
You hear the faint creaking of a portcullis nearby.
Aiming: Mindburst
Press: ? - help, Shift-Dir - straight line, f/p - wight
Aim: a wight, wielding a +2 scimitar of freezing and wearing a +0 robe (chance to affect: 64%)
The wight struggles to resist.
Aiming: Mindburst
Press: ? - help, Shift-Dir - straight line, f/p - wight
Aim: a wight, wielding a +2 scimitar of freezing and wearing a +0 robe (chance to affect: 64%)
The wight struggles to resist.
Aiming: Mindburst
Press: ? - help, Shift-Dir - straight line, f/p - wight
Aim: a wight, wielding a +2 scimitar of freezing and wearing a +0 robe (chance to affect: 64%)
The wight struggles to resist.
Aiming: Mindburst
Press: ? - help, Shift-Dir - straight line, f/p - wight
Aim: a wight, wielding a +2 scimitar of freezing and wearing a +0 robe (chance to affect: 64%)
The wight struggles to resist.
You hit the wight but do no damage. Your grab misses the wight.
You squeeze the wight, but do no damage.
The wight hits you with a +2 scimitar of freezing!
The wight freezes you.
You hit the wight. Your grab misses the wight.
The wight is moderately damaged.
The wight hits you with a +2 scimitar of freezing!
The wight freezes you!
You closely miss the wight. Your grab misses the wight.
The wight is moderately damaged.
The wight hits you from afar with a +0 halberd!
* * * LOW HITPOINT WARNING * * *
You feel drained.
* * * LOW HITPOINT WARNING * * *
The wight hits you with a +2 scimitar of freezing!
You die...
Your body crumbles into a pile of gold.

...... ...... ......#### ##
.........######. ...
..........##..#. #.. ....
#.<........ß..... ##... ....
##......#........ #....##..
#.......##........ .........
#.@##...##ß...∩...ß ...z....#
##z.......#......... ........#
##z#...##.##.........
........###..#...#...#.ß.....ß.
.z...z...##'##................
...#####.........)#.......ß...
. #..)#....#.....##.....####..
#._.'.........######)......#
#...#....#.....####....#####


You could see 2 wights.

Vanquished Creatures
  Menkaure (D:6)
  A water moccasin (D:6)
  A sky beast (D:5)
  An orc warrior (D:7)
  A phantom (D:6)
  Blork the orc (D:5)
  A bullfrog (D:6)
  A burial acolyte (D:7)
  4 wights
  2 hounds
  Crazy Yiuf (D:4)
  A bombardier beetle (D:4)
  An orc priest (D:6)
  2 sleepcaps (D:6)
  Natasha (thrice) (D:2)
  2 iguanas
  3 orc wizards
  A gnoll (D:1)
  3 adders
  A shadow imp (D:7)
  A white imp (D:6)
  3 adder zombies (D:7)
  A ribbon worm (D:4)
  3 dart slugs (D:3)
  6 orcs
  3 bats
  11 endoplasms
  2 giant cockroaches (D:1)
  9 goblins
  5 hobgoblins
  2 quokkas
  12 ball pythons
  3 frilled lizards
  6 kobolds
  2 kobold zombies (D:7)
  7 rats
108 creatures vanquished.

Notes
Turn   | Place    | Note
-------+----------+-------------------------------------------
     0 | D:5      | Esekla the Octopode Delver began the quest for the Orb.
     0 | D:5      | Reached XP level 1. HP: 16/16 MP: 1/1
    15 | D:5      | Found Nyplu's Distillery.
    47 | D:5      | Noticed Blork the orc
    63 | D:5      | Found Lisouxa's Assorted Antiques.
    63 | D:5      | Found Jeitwed's Assorted Antiques.
    88 | D:5      | Found Lisiduj's CLEARANCE SALE!.
    97 | D:5      | Found a transporter.
   101 | D:5      | Noticed a quasit
   108 | D:5      | Noticed a quasit
   117 | D:5      | Noticed a sky beast
   152 | D:4      | Noticed a bombardier beetle
   193 | D:4      | Found Cuott's Assorted Antiques.
   298 | D:4      | Reached XP level 2. HP: 21/21 MP: 2/2
   329 | D:4      | Found a staircase to the Ecumenical Temple.
   336 | Temple   | Found a transporter.
   336 | Temple   | Found a transporter.
   336 | Temple   | Found a transporter.
   336 | Temple   | Found a transporter.
   336 | Temple   | Entered the Ecumenical Temple
   351 | Temple   | Became a worshipper of Gozag Ym Sagoz the Greedy
   454 | D:3      | Reached skill level 7 in Stealth
   600 | D:2      | Noticed a bombardier beetle
   625 | D:1      | Reached XP level 3. HP: 26/26 MP: 4/4
  1231 | D:2      | Reached skill level 1 in Spellcasting
  1249 | D:2      | Reached XP level 4. HP: 31/31 MP: 5/5
  1504 | D:2      | Found Tuxoann's Distillery.
  1510 | D:2      | Noticed Natasha
  1514 | D:2      | Killed Natasha
  1647 | D:2      | Found a faded altar of an unknown god.
  1726 | D:2      | Noticed Natasha
  1730 | D:2      | Killed Natasha
  1731 | D:2      | Reached XP level 5. HP: 36/36 MP: 5/7
  1741 | D:2      | Noticed Natasha
  1749 | D:2      | Killed Natasha
  2603 | D:4      | Found a burning altar of Makhleb.
  2616 | D:4      | Reached skill level 8 in Stealth
  2616 | D:4      | Reached XP level 6. HP: 39/43 MP: 8/8
  2681 | D:4      | Found an ornate altar of the Wu Jian Council.
  2791 | D:4      | Found a runed translucent door.
  2792 | D:4      | Noticed Crazy Yiuf
  3083 | D:5      | Bought a scroll labelled FORRAICZO for 30 gold pieces
  3083 | D:5      | Bought a scroll labelled FORRAICZO for 30 gold pieces
  3083 | D:5      | Bought a blackened silver ring for 150 gold pieces
  3083 | D:5      | Bought a scroll labelled LUURGH KOMNETAE for 30 gold pieces
  3089 | D:5      | Bought a scroll labelled FORRAICZO for 29 gold pieces
  3089 | D:5      | Bought a scroll labelled FORRAICZO for 29 gold pieces
  3089 | D:5      | Bought a scroll labelled DEUTHRO VOMITHU for 29 gold pieces
  3089 | D:5      | Bought a scroll labelled CESHIADEAR for 29 gold pieces
  3117 | D:5      | Killed Blork the orc
  3151 | D:5      | Noticed ragingrage's ghost (novice DgWn)
  3320 | D:5      | Noticed a black bear
  3340 | D:5      | Bought a Trismegistus Codex for 84 gold pieces
  3340 | D:5      | Bought a potion of curing for 9 gold pieces
  3340 | D:5      | Bought a scroll of enchant armour for 22 gold pieces
  3368 | D:5      | Found a transporter.
  3378 | D:5      | Killed a sky beast
  3379 | D:5      | Reached skill level 1 in Short Blades
  3379 | D:5      | Reached skill level 1 in Conjurations
  3379 | D:5      | Reached skill level 1 in Ice Magic
  3379 | D:5      | Reached XP level 7. HP: 48/48 MP: 10/10
  3505 | D:4      | Killed Crazy Yiuf
  3506 | D:4      | Reached skill level 1 in Air Magic
  3658 | D:4      | Bought 2 metallic orange potions for 37 gold pieces
  3658 | D:4      | Bought a scroll labelled GULAENOONUP for 21 gold pieces
  3658 | D:4      | Bought a scroll labelled FORRAICZO for 21 gold pieces
  4020 | D:6      | Noticed Menkaure
  4250 | D:6      | Found a sacrificial altar of Ru.
  4251 | D:6      | Found a hazy altar of Hepliaklqana.
  4665 | D:5      | Bought a potion of attraction for 39 gold pieces
  4781 | D:6      | Killed Menkaure
  4782 | D:6      | Reached XP level 8. HP: 29/54 MP: 10/12
  5159 | D:6      | Paralysed by a wight for 2 turns
  5362 | D:5      | Reached skill level 9 in Stealth
  5774 | D:7      | Found a flagged portal.
  5798 | D:7      | Found an ancient bone altar of Kikubaaqudgha.
  5837 | D:7      | Mangled by a wight

Illustrated notes

Levels and vault maps discovered:
D:1:      erik_arrival_triangle_huge, layout_rooms
D:2:      layout_loops_ring, shapermc_ecumenical_altar_notcrosses, serial_shops,
          nicolae_shop_crystal, minmay_pentomino_x2, uniq_natasha
D:3:      layout_rooms
D:4:      layout_basic, mainiacjoe_overflow_alcove_4,
          makhleb_blood_cavern_becter, minmay_temple_entry_trees, serial_shops,
          nicolae_shop_dealshenge, uniq_crazy_yiuf_cottage
D:5:      layout_basic, serial_shops, shop, gammafunk_ghost_stat_death,
          nicolae_wooded_promenade, hangedman_abyss_or_decor_jellyfish_corner,
          nicolae_shop_clearance, uniq_blork_the_orc
D:6:      layout_basic, mainiacjoe_overflow_catwalk_spiral, uniq_menkaure
D:7:      layout_cave_pools, regret_index_kikubaaqudgha_part_by_part,
          enter_bailey_6, minmay_fractal_squares_gapless_5, uniq_pikel
Temple:   hellmonk_temple_divided_pantheon

Skill      XL: |  1  2  3  4  5  6  7  8 |
---------------+-------------------------+-----
Stealth        | 7 8 9 |  9.2
Spellcasting   | 1 2 3 |  3.0
Long Blades    | 3 4 |  4.8
Fighting       | 4 |  4.7
Short Blades   | 1 |  1.5
Dodging        | 3 |  3.7
Conjurations   | 1 2 |  2.3
Ice Magic      | 1 2 |  2.8
Air Magic      | 2 |  2.9

Action                     |  1- 3 |  4- 6 |  7- 9 || total
---------------------------+-------+-------+-------++-------
  Melee: Falchion          |    57 |    33 |    72 ||   162
         Tentacles         |    12 |    12 |    28 ||    52
         Constrict         |    16 |    19 |    27 ||    62
         Dagger            |    10 |    42 |     4 ||    56
  Evoke: Wand              |       |       |     5 ||     5
    Use: Scroll            |     3 |       |     9 ||    12
   Stab: Sleeping          |     7 |    15 |     3 ||    25
         Distracted        |     1 |       |       ||     1
 Armour: Skin              |    22 |    35 |    42 ||    99
  Dodge: Dodged            |    35 |    41 |    36 ||   112

Table legend: (Time is in decaauts)
 A = Elapsed time spent in this place.
 B = Non-inter-level travel time spent in this place.
 C = Inter-level travel time spent in this place.
 D = Time resting spent in this place.
 E = Time spent auto-exploring this place.
 F = Levels seen in this place.
 G = Mean time per level.
                   A        B        C        D        E       F      G
               +--------+--------+--------+--------+--------+-----+--------+
         Total |   5833 |   5443 |    390 |   1058 |   1578 |   8 |  729.1 |
       Dungeon |   5803 |   5413 |    390 |   1058 |   1578 |   7 |  829.0 |
        Temple |     30 |     30 |      0 |      0 |      0 |   1 |   30.0 |
               +--------+--------+--------+--------+--------+-----+--------+

Top non-repeatable levels by time:
     D:6: 1672 daAuts
     D:2: 1103 daAuts
     D:4: 996 daAuts
     D:5: 864 daAuts
     D:1: 580 daAuts
     D:3: 476 daAuts
     D:7: 108 daAuts
  Temple: 30 daAuts
